Map: Mementos LE

Players

THECOOKIE

  • Race: Terran Terran
  • Spawn Location: 9:00

ONEVSMANY

  • Race: Protoss Protoss
  • League: Platinum
  • Spawn Location: 6:00

Setadoon

  • Race: Zerg Zerg
  • League: Platinum
  • Spawn Location: 7:00

eyekillu

  • Race: Terran Terran
  • Spawn Location: 9:00

GOTRUMPGO - Winner!

  • Race: Zerg Zerg
  • League: Master
  • Spawn Location: 12:00

MarcoMan - Winner!

  • Race: Protoss Protoss
  • League: Master
  • Spawn Location: 1:00

Mackest - Winner!

  • Race: Zerg Zerg
  • Spawn Location: 3:00

SprCommander - Winner!

  • Race: Terran Terran
  • League: Platinum
  • Spawn Location: 3:00

VOD

Have the link to the VOD?

Description

Time

  • Played on: Jan. 18, 2021, 2:23 p.m.
  • Length: 4:57
Show
View Real Time Build Order
Export as new Build Order

THECOOKIE Terran 

Build Orders:  

Get SALT Encoding   

  12  0:00  SCV  
  13  0:13  SCV  
  14  0:19  Supply Depot  
  14  0:25  SCV  
  15  0:41  SCV  
  16  0:44  Barracks  
  16  0:49  Refinery  
  16  0:53  SCV  
  17  1:04  Barracks  
  17  1:05  SCV  
  18  1:17  Barracks  
  18  1:20  SCV  
  19  1:32  SCV, Marine  
  21  1:45  Orbital Command  
  21  1:51  Barracks Reactor, Supply Depot  
  21  2:00  Barracks Tech Lab  
  21  2:06  Barracks Tech Lab  
  21  2:09  Barracks Reactor  
  21  2:10  SCV  
  22  2:22  SCV  
  23  2:28  Marauder, Marine x2  
  27  2:34  SCV  
  28  2:46  Marine x2  
  30  3:02  SCV  
  31  3:10  Supply Depot  
  31  3:31  Marine x4  
  31  3:32  Supply Depot, Marauder  
  37  3:49  Marine x2  
  37  3:53  Marine x2  
  37  3:54  Marauder  
  40  4:07  Marine x2  
  36  4:11  Marine x2  
  36  4:15  Marauder  
  40  4:24  Marine x2  
  40  4:29  Marine x2  
Show
View Real Time Build Order
Export as new Build Order

ONEVSMANY Protoss 

Build Orders:  

Get SALT Encoding   

  12  0:01  Probe  
  13  0:15  Pylon  
  13  0:20  Probe  
  14  0:32  Probe  
  15  0:44  Gateway  
  15  0:56  Assimilator  
  15  0:59  Pylon  
  15  1:01  Probe  
  16  1:13  Probe  
  17  1:21  Forge  
  17  1:25  Probe  
  18  1:33  Zealot  
  20  1:52  Pylon  
  20  1:56  Photon Cannon  
  20  2:00  Zealot  
  22  2:08  Photon Cannon  
Show
View Real Time Build Order
Export as new Build Order

Setadoon Zerg 

Build Orders: Pool First 

Get SALT Encoding   

  12  0:00  Drone  
  13  0:09  Drone  
  14  0:22  Extractor, Drone  
  14  0:23  Extractor, Drone  
  16  0:28  Overlord  
  16  0:41  Overlord  
  16  0:51  Spawning Pool  
  16  0:54  Extractor  
  14  0:57  Drone  
  14  0:59  Drone  
  16  1:10  Overlord  
  16  1:17  Drone  
  17  1:27  Overlord  
  17  1:37  Queen  
  17  1:39  Zergling x2  
  20  1:50  Zergling x2  
  21  1:55  Metabolic Boost  
  21  2:03  Zergling x2  
  22  2:10  Zergling x2  
  23  2:23  Zergling x2  
  24  2:36  Zergling x2  
  25  2:47  Zergling x2  
  25  3:02  Zergling x4  
  25  3:03  Zergling x4  
  29  3:07  Hatchery  
  27  3:14  Baneling Nest  
  27  3:15  Drone  
  26  3:27  Zergling x2  
  26  3:28  Zergling x4  
  26  3:29  Zergling x2  
  25  3:40  Zergling x2  
  23  3:51  Zergling x2  
  20  4:08  Zergling x6  
Show
View Real Time Build Order
Export as new Build Order

eyekillu Terran 

Build Orders:  

Get SALT Encoding   

  12  0:00  SCV  
  13  0:16  Supply Depot  
  13  0:19  SCV  
  14  0:47  SCV  
  15  0:51  Refinery  
  15  1:00  Barracks  
  15  1:07  Barracks  
  15  1:08  SCV  
  16  1:24  SCV  
  17  1:37  Barracks  
  17  1:38  SCV  
  18  1:50  Supply Depot  
  18  1:53  Orbital Command  
  18  2:05  Barracks Reactor x2  
  18  2:15  Supply Depot  
  18  2:20  SCV  
  19  2:26  Barracks Tech Lab  
  19  2:33  SCV  
  20  2:40  Supply Depot  
  20  2:50  Marine  
  20  2:51  Marine x3  
  23  2:52  Marauder  
  25  3:00  SCV  
  26  3:08  Marine x2  
  26  3:12  SCV  
  29  3:32  Marine x4  
  35  3:38  Marauder  
  35  3:39  SCV  
  36  3:42  Supply Depot  
  36  3:43  Supply Depot  
  36  3:50  Marine x3  
  37  4:03  Marine x2  
  37  4:05  SCV  
  40  4:11  Marine x2  
  42  4:21  Marine  
  42  4:22  Marauder, Marine  
  46  4:37  Marine x2  
  43  4:39  Marine  
Show
View Real Time Build Order
Export as new Build Order

GOTRUMPGO Zerg - Winner!

Build Orders: Hatch First, Zergling Baneling 

Get SALT Encoding   

  12  0:00  Drone  
  13  0:13  Overlord  
  13  0:18  Drone  
  14  0:32  Drone x2  
  16  0:51  Hatchery  
  16  0:54  Drone  
  16  0:58  Extractor  
  15  1:11  Spawning Pool  
  15  1:15  Drone  
  15  1:20  Drone  
  16  1:26  Drone  
  16  1:28  Drone  
  18  1:37  Drone  
  19  1:48  Overlord  
  19  1:58  Queen  
  19  1:59  Metabolic Boost  
  22  2:08  Zergling x4  
  22  2:14  Zergling x4  
  25  2:23  Baneling Nest  
  25  2:29  Overlord  
  24  2:32  Zergling x2  
  25  2:40  Zergling x4  
  27  2:48  Zergling x4  
  29  2:57  Zergling x2  
  29  2:58  Zergling x2  
  30  3:03  Zergling x2  
  31  3:07  Zergling x2  
  31  3:08  Zergling x4  
  31  3:11  Zergling x2  
  35  3:16  Baneling x2  
  35  3:17  Baneling  
  35  3:26  Zergling x4  
  35  3:36  Zergling x4  
  36  3:41  Baneling x2  
  36  3:44  Zergling x2  
  33  3:59  Zergling x4  
  31  4:04  Zergling x6  
  31  4:05  Zergling x2  
  32  4:11  Zergling x4  
  32  4:15  Baneling  
  32  4:16  Baneling x2  
  33  4:18  Drone  
  34  4:27  Zergling x4  
  34  4:36  Zergling x6  
  35  4:39  Zergling x2  
Show
View Real Time Build Order
Export as new Build Order

MarcoMan Protoss - Winner!

Build Orders: Oracle Opening 

Get SALT Encoding   

  12  0:01  Probe  
  13  0:14  Probe  
  14  0:18  Pylon  
  14  0:26  Probe  
  15  0:38  Probe  
  15  0:41  Forge  
  16  1:08  Pylon  
  16  1:27  Gateway  
  16  1:28  Photon Cannon  
  16  1:30  Pylon  
  16  1:41  Photon Cannon  
  16  1:43  Assimilator  
  16  2:00  Probe  
  17  2:05  Assimilator  
  17  2:07  Assimilator, Photon Cannon  
  17  2:16  Zealot (Chrono Boost)  
  19  2:25  Probe  
  20  2:30  Cybernetics Core  
  20  2:46  Probe  
  21  2:57  Photon Cannon  
  22  2:58  Probe  
  22  3:10  Probe  
  23  3:17  Stargate  
  23  3:46  Nexus  
  23  3:58  Oracle (Chrono Boost)  
  26  4:23  Stargate  
Show
View Real Time Build Order
Export as new Build Order

Mackest Zerg - Winner!

Build Orders: Hatch First 

Get SALT Encoding   

  12  0:00  Drone  
  13  0:12  Overlord  
  13  0:18  Drone  
  14  0:31  Drone x2  
  14  0:34  Drone  
  17  0:45  Drone  
  18  1:00  Hatchery  
  17  1:04  Drone  
  17  1:05  Extractor  
  17  1:18  Spawning Pool  
  17  1:19  Drone  
  17  1:23  Drone  
  18  1:30  Drone  
  19  1:39  Drone  
  20  1:50  Overlord  
  20  2:07  Queen  
  20  2:08  Metabolic Boost  
  22  2:13  Queen  
  24  2:26  Zergling x10  
  29  2:40  Zergling x4  
  31  2:49  Zergling x4  
  33  3:00  Zergling x4  
  35  3:14  Lair  
  29  3:41  Zergling x12  
  33  3:42  Overlord  
  33  3:43  Overlord  
  35  3:56  Overlord  
  34  4:07  Hatchery  
  32  4:14  Zergling x6  
  35  4:21  Drone  
  35  4:22  Drone x2  
  35  4:38  Zergling x8  
  35  4:39  Zergling x4  
  36  4:52  Extractor  
  36  4:54  Spore Crawler  
Show
View Real Time Build Order
Export as new Build Order

SprCommander Terran - Winner!

Build Orders:  

Get SALT Encoding   

  12  0:15  SCV  
  12  0:19  Supply Depot  
  13  0:23  Refinery  
  13  0:27  SCV  
  14  0:39  SCV  
  15  0:52  SCV  
  16  1:03  Barracks  
  16  1:04  SCV  
  17  1:19  Barracks  
  17  1:24  SCV  
  18  1:40  Barracks  
  18  1:51  Reaper  
  19  1:58  Supply Depot  
  19  1:59  SCV  
  20  2:08  Reaper  
  21  2:23  Reaper  
  21  2:26  Supply Depot  
  21  2:28  Reaper  
  23  2:40  Reaper  
  24  2:46  SCV  
  22  2:55  Reaper  
  22  3:01  Supply Depot  
  22  3:11  Reaper  
  22  3:12  SCV  
  24  3:25  Orbital Command  
  24  3:50  Reaper x2  
  24  3:51  SCV  
  27  4:03  SCV  
  27  4:07  Reaper  
  28  4:15  SCV  
  30  4:37  Marine  
  31  4:38  Marine  
Tags
 
Add a new tag
Caveats
  • Supply blocks, unpowered buildings, or Contaminate may cause inaccurate times.
  • Supply counts are checked every 10 seconds.